 Dungeon Crawl Stone Soup version 0.21-a0-434-g806c6c2 (webtiles) character file.

263 slep the Slasher (level 5, 0/45 HPs)
             Began as a Demonspawn Gladiator on Nov 8, 2017.
             Was an Initiate of Dithmenos.
             Slain by a centaur (7 damage)
             ... on level 3 of the Dungeon.
             The game lasted 00:08:48 (1772 turns).

slep the Slasher (Demonspawn Gladiator)             Turns: 1772, Time: 00:08:50

Health: 0/45       AC:  7    Str: 16    XL:     5   Next: 97%
Magic:  5/5        EV: 13    Int:  9    God:    Dithmenos [......]
Gold:   141        SH:  0    Dex: 18    Spells: 4/4 levels left

rFire    + . .     SeeInvis .   a - +0 long sword
rCold    . . .     Gourm    .   (no shield)
rNeg     + . .     Faith    .   b - +0 leather armour
rPois    .         Spirit   .   o - +0 helmet
rElec    .         Reflect  .   s - +2 cloak
rCorr    .         Harm     .   (no gloves)
MR       .....                  (no boots)
Stlth    ++........             (no amulet)
HPRegen  0.15/turn              u - ring of positive energy
MPRegen  0.09/turn              (no ring)

@: no status effects
A: claws 2, molten scales 1, agile 2, deformed body, fire resistance 1, robust 1
a: Renounce Religion


You were on level 3 of the Dungeon.
You worshipped Dithmenos.
Dithmenos was noncommittal.
You were not hungry.

You visited 1 branch of the dungeon, and saw 3 of its levels.

You collected 141 gold pieces.

Inventory:

Hand Weapons
 a - a +0 long sword (weapon)
Missiles
 d - 3 throwing nets (quivered)
Armour
 b - a +0 leather armour (worn)
 c - a +0 helmet
 o - a +0 helmet (worn)
 s - a +2 cloak (worn)
Jewellery
 u - a ring of positive energy (left claw)
Scrolls
 e - 2 scrolls of teleportation {unknown}
 i - a scroll of magic mapping {unknown}
 j - 2 scrolls of enchant armour {unknown}
 k - a scroll of random uselessness {unknown}
 m - 2 scrolls of remove curse {unknown}
 p - 4 scrolls of identify {unknown}
 r - a scroll of fog {unknown}
Potions
 h - 2 potions of curing
 l - a potion of brilliance {unknown}
 n - 2 potions of cancellation {unknown}
 v - a potion of mutation {unknown}
 w - a potion of degeneration {unknown}
Books
 t - a book of Misfortune

   Spells                             Type                      Level
   a - Confusing Touch                Hexes                        1
   b - Confuse                        Hexes                        3
   c - Gell's Gravitas                Translocation                3
   d - Petrify                        Transmutation/Earth          4
   e - Metabolic Englaciation         Hexes/Ice                    5
   f - Yara's Violent Unravelling     Hexes/Transmutation          5
Comestibles
 f - 2 bread rations
 g - 5 chunks of flesh
 q - a meat ration


   Skills:
 + Level 3.0 Fighting
 + Level 4.7 Long Blades
 + Level 1.8 Throwing
 + Level 2.1 Armour
 + Level 3.1 Dodging
 + Level 1.0 Stealth


You had 4 spell levels left.
You didn't know any spells.

Dungeon Overview and Level Annotations

Branches:
Dungeon (3/15)

Altars:
Ashenzari
Dithmenos
Nemelex Xobeh
Uskayaw


Innate Abilities, Weirdness & Mutations

You have very sharp fingernails.
You are partially covered in molten scales. (AC +2)
You are very agile. (Dex +4)
Armour fits poorly on your strangely shaped body.
Your flesh is heat resistant. (rF+)
You are robust. (+10% HP)


Message History

You see here 2 arrows.
The bat misses you.
You see here an arrow.
The bat hits you but does no damage.
You hit the bat.
You kill the bat!
Dithmenos accepts your kill.
The centaur shoots an arrow.
The arrow closely misses you.
The centaur shoots an arrow.
The arrow hits you!
* * * LOW HITPOINT WARNING * * *
The centaur unwields an uncursed shortbow.
The centaur misses you.
You see here 2 arrows.
You slash the centaur!
The centaur is moderately wounded.
The centaur hits you.
* * * LOW HITPOINT WARNING * * *
The frilled lizard hisses.
The centaur hits you!
You die...

.......... ##########
)### ...# .#.####...
.#........ .#.####### .
...##################....
..........(....(@cl......
...####.(....#.###o......
##.## ......#.# .?.....
#..###......#.# .......
##.#........#.# ...w.##
#......# #.# #....#
##.....#####'## ....#
####.....##.....# .w..#
...##....##.....#


You could see a centaur, a worm, an orc and a frilled lizard.

Vanquished Creatures
  A sky beast (D:3)
  The ghost of vexx32 the Chiller, an amateur NaIE (D:3)
  3 adders
  An ooze (D:2)
  2 worms (D:2)
  3 leopard geckos (D:2)
  An orc (D:3)
  2 ball pythons
  9 bats
  4 giant cockroaches
  6 goblins
  5 hobgoblins
  2 jackals (D:1)
  5 kobolds
  3 frilled lizards
  6 rats
54 creatures vanquished.

Notes
Turn   | Place    | Note
-------+----------+-------------------------------------------
     0 | D:1      | slep the Demonspawn Gladiator began the quest for the Orb.
     0 | D:1      | Reached XP level 1. HP: 16/16 MP: 1/1
   269 | D:1      | Gained mutation: You have sharp fingernails. [demonic ancestry]
   269 | D:1      | Reached XP level 2. HP: 17/23 MP: 2/2
   326 | D:1      | Reached skill level 3 in Long Blades
   329 | D:1      | Found a sparkling altar of Nemelex Xobeh.
   569 | D:2      | Reached XP level 3. HP: 10/28 MP: 3/3
   575 | D:2      | Reached skill level 1 in Armour
   712 | D:2      | Found a shattered altar of Ashenzari.
   987 | D:2      | Gained mutation: You are partially covered in molten scales. (AC +2) [demonic ancestry]
   987 | D:2      | Reached XP level 4. HP: 19/34 MP: 4/4
  1202 | D:2      | Found a shadowy altar of Dithmenos.
  1212 | D:2      | Became a worshipper of Dithmenos the Shadowed
  1410 | D:3      | Noticed a sky beast
  1420 | D:3      | Killed a sky beast
  1420 | D:3      | Reached skill level 4 in Long Blades
  1420 | D:3      | Gained mutation: You have very sharp fingernails. [demonic ancestry]
  1420 | D:3      | Reached XP level 5. HP: 22/40 MP: 5/5
  1424 | D:3      | Gained mutation: You are agile. (Dex +2) [mutagenic meat]
  1425 | D:3      | Gained mutation: Your flesh is heat resistant. (rF+) [mutagenic meat]
  1426 | D:3      | Gained mutation: Armour fits poorly on your strangely shaped body. [mutagenic meat]
  1427 | D:3      | Gained mutation: You are very agile. (Dex +4) [mutagenic meat]
  1428 | D:3      | Gained mutation: You are robust. (+10% HP) [mutagenic meat]
  1431 | D:3      | Noticed vexx32's ghost (amateur NaIE)
  1438 | D:3      | Killed vexx32's ghost
  1546 | D:3      | Found a hide-covered altar of Uskayaw.
  1683 | D:3      | Reached skill level 1 in Stealth
  1764 | D:3      | Noticed a centaur
  1772 | D:3      | Slain by a centaur

Vault maps used:
D:1:      lightli_arrival_boilingwater, nemelex_xobeh_ov_fountains_minmay
D:2:      kb_forest_paths, lemuel_coloured_pillars_altar,
          ashenzari_conservatory_becter
D:3:      nicolae_overflow_crystal_walls

Skill      XL: |  1  2  3  4  5 |
---------------+----------------+-----
Long Blades    | 3 4 |  4.7
Armour         | 1 2 |  2.1
Dodging        | 3 |  3.1
Fighting       | 3 |  3.0
Stealth        | 1 |  1.0
Throwing       | |  1.8

Action                   |  1- 3 |  4- 6 || total
-------------------------+-------+-------++-------
Melee: Long sword        |   105 |    48 ||   153
  Use: Potion            |     1 |     1 ||     2
 Stab: Sleeping          |     1 |       ||     1
       Distracted        |       |     1 ||     1
  Eat: Chunk             |       |     9 ||     9
Armor: Leather armour    |    31 |    19 ||    50
Dodge: Dodged            |    74 |    36 ||   110
       Rpst.: Long sword |    19 |     6 ||    25

Table legend:
 A = Spawn XP
 B = Non-spawn XP
 C = Spawn XP percentage of total XP
 D = Spawn monster count
 E = Non-spawn monster count
 F = Spawn count percentage of total count
 G = Total turns spent on level
                    A         B        C        D         E        F      G
               +---------+---------+-------+---------+---------+-------+---------
         Total |       0 |     376 |   0.0 |       0 |      54 |   0.0 |  1772
               +---------+---------+-------+---------+---------+-------+---------
           D:1 |       0 |      30 |   0.0 |       0 |      19 |   0.0 |   556
           D:2 |       0 |      71 |   0.0 |       0 |      20 |   0.0 |   849
           D:3 |       0 |     275 |   0.0 |       0 |      15 |   0.0 |   367
               +---------+---------+-------+---------+---------+-------+---------
